 Dungeon Crawl Stone Soup version 0.31-b1-12-gca42e3d1b8 (webtiles) character file.

Game seed: 10649518934343137179

206 Arctor the Trooper (level 5, 0/42 HPs)
             Began as a Human Fighter on Jan 14, 2024.
             Slain by an orc
             ... wielding a +0 trident
              (6 damage)
             ... on level 4 of the Dungeon.
             The game lasted 00:04:35 (1978 turns).

Arctor the Trooper (Human Fighter)                  Turns: 1978, Time: 00:04:36

Health: 0/42       AC: 12    Str: 18    XL:     5   Next: 84%
Magic:  5/5        EV:  5    Int:  8    God:
Gold:   182        SH:  5    Dex: 13    Spells: 4/4 levels left

rFire   . . .        a - +0 war axe
rCold   . . .        c - +0 buckler
rNeg    . . .        e - +0 plate armour
rPois   +            (no helmet)
rElec   .            (no cloak)
rCorr   .            (no gloves)
SInv    .            o - +0 pair of boots
Will    .....        (no amulet) Stlth
                     n - ring of poison resistance
HPRegen 0.27/turn    (no ring)
MPRegen 0.09/turn

%: no passive effects
@: mighty
A: explore regen
a: no special abilities


You were on level 4 of the Dungeon.
You visited 1 branch of the dungeon, and saw 4 of its levels.

You collected 227 gold pieces.
You spent 45 gold pieces at shops.

Inventory:

Hand Weapons
 a - a +0 war axe (weapon)
Armour
 b - a +0 scale mail
 c - a +0 buckler (worn)
 e - a +0 plate armour (worn)
 o - a +0 pair of boots (worn)
Jewellery
 n - a ring of poison resistance (left hand)
 s - a ring of protection from fire
Talismans
 i - a talisman of death
Scrolls
 g - a scroll of poison {unknown}
 k - 2 scrolls of noise {unknown}
 q - a scroll of amnesia {unknown}
 r - 4 scrolls of teleportation {unknown}
 t - 2 scrolls of identify {unknown}
Potions
 f - a potion of haste {unknown}
 h - a potion of resistance {unknown}
 j - a potion of attraction {unknown}
 l - a potion of curing {unknown}
 m - a potion of degeneration {unknown}
 p - a potion of magic {unknown}


   Skills:
 + Level 4.1 Fighting
 + Level 3.4 Axes
 + Level 3.9 Armour
 + Level 3.9 Shields
 - Level 0.3 Shapeshifting


You had 4 spell levels left.
You didn't know any spells.
Your spell library was empty.

Dungeon Overview and Level Annotations

Branches:
Dungeon (4/15)
 Temple: D:4-7

Altars:

Shops:
D:2 *[![*


Innate Abilities, Weirdness & Mutations

You regain HP and MP as you explore.


Message History

The orc priest hits you but does no damage.
You slash the orc priest!
You kill the orc priest!
You completely miss something. You barely miss the scorpion.
The scorpion barely misses you. Something hits you but does no damage.
The orc hits you from afar with a +0 trident.
* * * LOW HITPOINT WARNING * * *
The scorpion stings you but does no damage.
You bump into the rock wall.
You hear some strange, mumbled words.
A magic dart appears from out of thin air!
The magic dart hits you.
* * * LOW HITPOINT WARNING * * *
The orc barely misses you. The scorpion barely misses you.
Unknown command.
An endoplasm comes into view.
Found 11 gold pieces.
The endoplasm quivers.
You hear some strange, mumbled words.
Something tries to affect you, but you resist.
The orc hits you but does no damage.
You feel less confused. Something hits you but does no damage.
The orc hits you from afar with a +0 trident.
* * * LOW HITPOINT WARNING * * *
Unknown command.
You barely miss something. You slash the scorpion!
You kill the scorpion!
Something hits you but does no damage. You block the orc's attack.
Your Fighting skill increases to level 4!
Unknown command.
Something hits you but does no damage. The orc completely misses you.
The orc attacks as it pursues you! You block the orc's attack.
You hear some strange, mumbled words.
Something tries to affect you, but you resist.
Found 7 stones.
Something hits you but does no damage.
You slash something!
The orc hits you from afar with a +0 trident.
You die...

.......## ....(
........# ....
#.......# #... #...†#
#.. ##..#.#######..
#..........##.#
#.........###.#
######..#....# #.#
#...#..##.######@#
...............#.##
..<.......)....?oJ###
##...............†..#
####............)..#
#..........##.......
#..#.>....##.........
##.###...............
####................


You could see an orc and an endoplasm.

Vanquished Creatures
  A scorpion (D:4)
  An orc priest (D:4)
  4 adders
  3 dart slugs
  A ribbon worm (D:2)
  10 ball pythons
  6 endoplasms
  3 giant cockroaches
  4 goblins
  7 hobgoblins
  5 jackals
  9 kobolds
  2 quokkas
  7 bats
  3 frilled lizards
  5 rats
71 creatures vanquished.

Notes
Turn   | Place    | Note
-------+----------+-------------------------------------------
     0 | D:1      | Arctor the Human Fighter began the quest for the Orb.
     0 | D:1      | Reached XP level 1. HP: 18/18 MP: 1/1
    83 | D:1      | Reached XP level 2. HP: 17/24 MP: 2/2
   289 | D:1      | Reached XP level 3. HP: 29/29 MP: 3/3
   568 | D:2      | Found Byte Vila's Armour Shoppe.
   662 | D:2      | Found Heigeydima's General Store.
   731 | D:2      | Found a faded altar of an unknown god.
   847 | D:2      | Found Yclublock's Distillery.
   885 | D:2      | Found Itza Maes's Armour Boutique.
   893 | D:2      | Reached XP level 4. HP: 19/35 MP: 4/4
   963 | D:2      | Bought a +0 pair of boots for 45 gold pieces
   991 | D:2      | Found Avydatosh's Assorted Antiques.
  1760 | D:3      | Reached XP level 5. HP: 42/42 MP: 5/5
  1974 | D:4      | Reached skill level 4 in Fighting
  1978 | D:4      | Slain by an orc

Illustrated notes

Levels and vault maps discovered:
D:1:      lightli_molten_gateway, layout_rooms, corexii_leaking_fountain
D:2:      layout_basic, serial_shops, shop_coins, nicolae_shop_statue_plus,
          nicolae_diamond_shop, shop, nicolae_shop_peninsula,
          dreamdust_ecumenical_altar_angels_and_demons
D:3:      layout_basic
D:4:      layout_cave_pools, mainiacjoe_overflow_alcove_4

Skill      XL: |  1  2  3  4  5 |
---------------+----------------+-----
Axes           | 3 |  3.4
Fighting       | 4 |  4.1
Armour         | |  3.9
Shields        | |  3.9
Shapeshifting  | |  0.3

Action                     |  1- 3 |  4- 6 || total
---------------------------+-------+-------++-------
  Melee: War axe           |    81 |    83 ||   164
    Use: Potion            |       |     1 ||     1
 Armour: Plate armour      |   101 |    84 ||   185
  Dodge: Dodged            |    24 |    32 ||    56
  Block: Buckler           |    20 |    30 ||    50
